 Dungeon Crawl Stone Soup version 0.19.1-1-g22dce08 (webtiles) character file.

6585 Nakatomy the Fighter (level 10, -6/93 (94) HPs)
             Began as a Mottled Draconian Berserker on Jan 10, 2017.
             Was a High Priest of Trog.
             Mangled by a sphinx (8 damage)
             ... on level 10 of the Dungeon.
             The game lasted 00:46:39 (12048 turns).

Nakatomy the Fighter (Mottled Draconian Berserker) Turns: 12048, Time: 00:46:40

HP:   -6/93 (94)    AC: 10    Str: 19    XL:     10   Next: 71%
MP:   10/10         EV: 19    Int:  8    God:    Trog [*****.]
Gold: 880           SH:  0    Dex: 14    Spells: 0 memorised, 9 levels left

rFire  . . .     SeeInvis .     A - +1 war axe
rCold  . . .     Gourm    .     (armour unavailable)
rNeg   . . .     Faith    .     (no shield)
rPois  .         Spirit   .     (helmet restricted)
rElec  .         Reflect  .     F - +0 cloak
rCorr  .         Harm     .     z - +1 pair of gloves
MR     +....                    (no boots)
Stlth  +.........               (no amulet)
                                C - +1 ring of evasion
                                G - ring of protection from magic

@: confused, exhausted, very slightly contaminated, slowed, very slow
A: breathe sticky flame splash, unfitting armour, cold-blooded, AC +7
a: Breathe Sticky Flame, Berserk, Trog's Hand, Brothers in Arms, Burn
Spellbooks, Renounce Religion


You were on level 10 of the Dungeon.
You worshipped Trog.
Trog was extremely pleased with you.
You were near starving.

You visited 1 branch of the dungeon, and saw 10 of its levels.

You collected 880 gold pieces.

Inventory:

Hand Weapons
 a - a +0 hand axe
 A - a +1 war axe (weapon)
Armour
 z - a +1 pair of gloves (worn)
 F - a +0 cloak (worn)
Jewellery
 e - an uncursed ring of stealth
 g - an uncursed ring of ice
 C - a +1 ring of evasion (right hand)
 G - a ring of protection from magic (left hand)
Scrolls
 f - 5 scrolls of magic mapping
 m - a scroll of teleportation
 p - a scroll of fear
 r - 2 scrolls of fog
 u - 3 scrolls of remove curse
 y - a scroll of recharging {unknown}
 E - a scroll of blinking
Potions
 c - a potion of haste {unknown}
 h - 3 potions of brilliance
 i - a potion of ambrosia {unknown}
 j - 2 potions of heal wounds {unknown}
 k - a potion of invisibility {unknown}
 n - 4 potions of curing
 o - a potion of degeneration {unknown}
 s - a potion of berserk rage {unknown}
 t - 2 potions of might
 w - 3 potions of cancellation {unknown}
 I - a potion of flight {unknown}
Books
 q - a Young Poisoner's Handbook

   Spells                             Type                      Level
   a - Sting                          Conjuration/Poison           1
   b - Mephitic Cloud                 Conjuration/Poison/Air       3
   c - Olgreb's Toxic Radiance        Poison                       4
   d - Alistair's Intoxication        Transmutation/Poison         5
   e - Venom Bolt                     Conjuration/Poison           5
   Trog disapproves of the use of such an item.
 v - a book of Cantrips

   Spells                             Type                      Level
   a - Confusing Touch                Hexes                        1
   b - Animate Skeleton               Necromancy                   1
   c - Summon Small Mammal            Summoning                    1
   d - Apportation                    Translocation                1
   Trog disapproves of the use of such an item.
 x - a book of Maledictions

   Spells                             Type                      Level
   a - Corona                         Hexes                        1
   b - Ensorcelled Hibernation        Hexes/Ice                    2
   c - Confuse                        Hexes                        3
   d - Tukima's Dance                 Hexes                        3
   e - Dazzling Spray                 Conjuration/Hexes            3
   Trog disapproves of the use of such an item.
Comestibles
 b - 9 bread rations
 d - 2 meat rations
 l - a slice of pizza
 B - a beef jerky


   Skills:
 + Level 10.8 Fighting
 + Level 10.0 Axes
 + Level 9.1 Dodging


You had 9 spell levels left.
You didn't know any spells.

Dungeon Overview and Level Annotations

Branches:
Dungeon (10/15)            Temple (0/1) D:4            Lair (0/6) D:8
    Orc (0/2) D:9

Altars:
Ashenzari
Cheibriados
Dithmenos
Fedhas
Gozag
Makhleb
Nemelex Xobeh
Okawaru
Sif Muna
Uskayaw
Yredelemnul
Zin
The Shining One

Shops:
D:5 %   D:7 (

Annotations:
D:2 1 runed door
D:6 Prince Ribbit


Innate Abilities, Weirdness & Mutations

You can spit globs of burning liquid.
You can ignite nearby creatures when you spit burning liquid.
Your weird mottled scales are hard. (AC +7)
You cannot fit into any form of body armour.
You are cold-blooded and may be slowed by cold attacks.


Message History

The sphinx hits you!
* * * LOW HITPOINT WARNING * * *
You can move again.
Unknown command.
Blink to where?
Press: ? - help, Dir - move target cursor, p - sphinx You are very lightly contaminated with residual magic.
As you read the scroll of blinking, it crumbles to dust.
There is an open door here.
You close the door.
A sphinx opens the door.
The sphinx mumbles some strange words.
You are confused.
You can't go up here!
Unknown command.
You're too confused!
The sphinx hits you!
* * * LOW HITPOINT WARNING * * *
The sphinx hits you!
You die...

.......#...........#
.......#....####...#
.......#...........#
.......#...........#
.......#####'#######
.............#
.............#
..........H..#
...........@<#
.............#
#####+########


You could see a sphinx.

Vanquished Creatures
  Pikel (D:6)
  Joseph (D:8)
  3 trolls (D:9)
  A two-headed ogre (D:8)
  2 hippogriffs
  A spriggan (D:9)
  A hungry ghost (D:9)
  2 water moccasins (D:9)
  Duvessa (D:6)
  An ice beast (D:8)
  A sky beast (D:6)
  A slave (D:6)
  A phantom (D:6)
  6 ogres
  2 eyes of draining
  A necrophage (D:8)
  2 orc warriors
  2 centaurs
  2 big kobolds
  A wyvern zombie (D:10)
  11 bullfrogs
  Dowan (D:6)
  2 scorpions
  A water moccasin skeleton (D:9)
  4 howler monkeys
  4 wights
  6 crimson imps
  A bullfrog zombie (D:9)
  3 bullfrog skeletons
  9 hounds
  2 jellies
  2 quasits (D:9)
  4 orc priests (D:9)
  An iguana (D:8)
  2 orc wizards
  3 worker ants
  A hound zombie (D:9)
  A hound skeleton (D:4)
  A worker ant zombie (D:10)
  3 gnolls (D:2)
  12 adders
  A shadow imp (D:6)
  3 oozes
  An adder skeleton (D:9)
  3 worms
  3 dart slugs
  7 leopard geckos
  30 orcs
  4 giant cockroaches
  13 goblins
  10 hobgoblins
  10 jackals
  4 quokkas
  4 ball pythons
  5 bats
  2 frilled lizards
  12 kobolds
  A leopard gecko skeleton (D:4)
  10 rats
230 creatures vanquished.

Vanquished Creatures (collateral kills)
  A shadow imp (D:9)
1 creature vanquished.

Vanquished Creatures (others)
  3 slaves (D:6)
  An adder (D:6)
4 creatures vanquished.

Grand Total: 235 creatures vanquished

Notes
Turn   | Place    | Note
-------+----------+-------------------------------------------
     0 | D:1      | Nakatomy the Draconian Berserker began the quest for the Orb.
     0 | D:1      | Reached XP level 1. HP: 19/19 MP: 1/1
   246 | D:1      | Reached XP level 2. HP: 20/26 MP: 2/2
   659 | D:1      | Reached XP level 3. HP: 32/33 MP: 3/3
   941 | D:1      | Found a glowing golden altar of the Shining One.
  1264 | D:2      | Found a shattered altar of Ashenzari.
  1354 | D:2      | Reached ** piety under Trog
  1695 | D:3      | Reached XP level 4. HP: 31/40 MP: 4/4
  1975 | D:3      | Found an iron altar of Okawaru.
  2124 | D:3      | Found a burning altar of Makhleb.
  2167 | D:3      | Found a glowing silver altar of Zin.
  2755 | D:3      | Reached XP level 5. HP: 28/47 MP: 5/5
  3206 | D:2      | Found a deep blue altar of Sif Muna.
  3230 | D:2      | Found a runed door.
  3697 | D:2      | Reached skill level 5 in Fighting
  3773 | D:2      | Reached *** piety under Trog
  4317 | D:4      | Reached XP level 6. HP: 56/56 MP: 6/6
  4391 | D:4      | Found a staircase to the Ecumenical Temple.
  4582 | D:4      | Reached skill level 5 in Axes
  4911 | D:5      | Entered Level 5 of the Dungeon
  5040 | D:5      | Found an opulent altar of Gozag.
  5145 | D:5      | Your scales start taking on a weird mottled colour.
  5145 | D:5      | Reached XP level 7. HP: 62/62 MP: 7/7
  5638 | D:5      | Found Guqenoevvi's Food Emporium.
  5714 | D:5      | Reached skill level 5 in Dodging
  5792 | D:5      | Found a glowing golden altar of the Shining One.
  6187 | D:6      | Reached XP level 8. HP: 22/71 MP: 8/8
  6544 | D:6      | Noticed Pikel
  6557 | D:6      | Killed Pikel
  6565 | D:6      | Noticed Dowan
  6633 | D:6      | Noticed Duvessa
  6648 | D:6      | Killed Duvessa
  6651 | D:6      | Killed Dowan
  7036 | D:6      | Reached XP level 9. HP: 81/81 MP: 9/9
  7135 | D:6      | Noticed Prince Ribbit
  7415 | D:7      | Found a snail-covered altar of Cheibriados.
  7435 | D:7      | Found a hide-covered altar of Uskayaw.
  7621 | D:7      | Reached **** piety under Trog
  7685 | D:7      | Found Laosotz's Weapon Boutique.
  7899 | D:7      | Found a blossoming altar of Fedhas.
  7971 | D:7      | Found a burning altar of Makhleb.
  7971 | D:7      | Noticed a cacodemon
  8564 | D:8      | Noticed Joseph
  8827 | D:8      | Killed Joseph
  9480 | D:8      | Found a sparkling altar of Nemelex Xobeh.
  9529 | D:8      | Found a staircase to the Lair.
 10044 | D:9      | Reached XP level 10. HP: 63/92 MP: 10/10
 10741 | D:9      | Found a staircase to the Orcish Mines.
 10820 | D:9      | Reached skill level 10 in Fighting
 11239 | D:9      | Found a shadowy altar of Dithmenos.
 11458 | D:9      | Reached ***** piety under Trog
 11538 | D:9      | Reached skill level 10 in Axes
 11822 | D:9      | Found a basalt altar of Yredelemnul.
 11907 | D:10     | Entered Level 10 of the Dungeon
 11977 | D:10     | Found a runed door.
 12017 | D:10     | Noticed a sphinx
 12031 | D:10     | Paralysed by a sphinx for 6 turns
 12048 | D:10     | HP: 2/93 [sphinx (14)]
 12048 | D:10     | Mangled by a sphinx

Skill      XL: |  1  2  3  4  5  6  7  8  9 10 |
---------------+-------------------------------+-----
Dodging        | 3 4 5 6 8 9 |  9.1
Fighting       | 4 5 6 8 9 10 | 10.8
Axes           | 4 5 6 7 9 10 | 10.0

Action                   |  1- 3 |  4- 6 |  7- 9 | 10-12 || total
-------------------------+-------+-------+-------+-------++-------
Melee: Hand axe          |   103 |   193 |   413 |    10 ||   719
       Tailslap          |    10 |    34 |    68 |    28 ||   140
       War axe           |       |       |       |   165 ||   165
Invok: Berserk           |     3 |     8 |     9 |     9 ||    29
       Brothers in Arms  |       |       |       |     1 ||     1
 Abil: Breathe Sticky Fl |       |       |    20 |     1 ||    21
  Use: Scroll            |       |       |     9 |     8 ||    17
 Stab: Sleeping          |     6 |     4 |     1 |       ||    11
  Eat: Chunk             |     4 |    13 |    25 |    13 ||    55
       Beef jerky        |       |     1 |       |       ||     1
       Bread ration      |       |     1 |       |       ||     1
       Fruit             |       |       |     2 |       ||     2
       Pizza             |       |       |     1 |     1 ||     2
Armor: Skin              |    19 |    35 |    77 |    62 ||   193
Dodge: Dodged            |    70 |   112 |   271 |   181 ||   634
